 Dungeon Crawl Stone Soup version 0.20.0-8-g6b59dc7 (console) character file.

58583 itsmu the Zephyrmancer (level 14, 0/88 HPs)
             Began as a Tengu Air Elementalist on June 2, 2017.
             Was the Champion of Elyvilon.
             Slain by a yak (16 damage)
             ... on level 5 of the Lair of Beasts.
             The game lasted 01:21:00 (33049 turns).

itsmu the Zephyrmancer (Tengu Air Elementalist)    Turns: 33049, Time: 01:21:01

Health: 0/88       AC: 12    Str: 10    XL:     14   Next: 91%
Magic:  3/28       EV: 17    Int: 19    God:    Elyvilon [******]
Gold:   893        SH:  0    Dex: 15    Spells: 6/32 levels left

rFire    + . .     SeeInvis +   a - +0 scimitar (freeze)
rCold    . . .     Gourm    .   (no shield)
rNeg     . . .     Faith    +   M - +1 leather armour {rF+}
rPois    .         Spirit   .   (helmet restricted)
rElec    .         Reflect  .   n - +2 cloak
rCorr    .         Harm     .   U - +2 pair of gloves
MR       ++...                  (boots unavailable)
Stlth    ++........             K - amulet of faith
Regen    0.3/turn               D - ring of see invisible
MPRegen  0.3/turn               z - ring of protection from magic

@: sluggish, flying quickly and evasively, very slow
A: beak, talons 3, able to fly 2
a: Stop Flying, Lesser Healing, Heal Other, Purification, Greater Healing,
Divine Vigour, Divine Protection, Renounce Religion


You were on level 5 of the Lair of Beasts.
You worshipped Elyvilon.
Elyvilon was exalted by your worship.
You were hungry.

You visited 2 branches of the dungeon, and saw 20 of its levels.

You collected 1095 gold pieces.
You spent 202 gold pieces at shops.

Inventory:

Hand Weapons
 a - a +0 scimitar of freezing (weapon)
   (You found it on level 7 of the Dungeon)
 c - a +1 long sword of slicing
   (You found it on level 2 of the Lair of Beasts)
Armour
 n - a +2 cloak (worn)
   (You found it on level 10 of the Dungeon)
 r - the +1 fire dragon scales "Tounis" {rF++ rC- rN+ rCorr}
   (You found it on level 2 of the Lair of Beasts)

   It greatly protects you from fire.
   It makes you vulnerable to cold.
   It protects you from negative energy.
   It protects you from acid and corrosion.
 M - a +1 leather armour of fire resistance (worn)
   (You found it on level 6 of the Dungeon)
 U - a +2 pair of gloves (worn)
   (You found it on level 8 of the Dungeon)
 Y - the +1 pair of gloves "Okuo" {+Fly rF+ MR+ Int-4}
   (You acquired it on level 6 of the Lair of Beasts)

   It affects your intelligence (-4).
   It protects you from fire.
   It affects your resistance to hostile enchantments.
   It lets you fly.
Magical Staves
 b - an uncursed staff of power
   (You found it on level 4 of the Dungeon)
Jewellery
 x - an uncursed ring of protection from fire
   (You found it on level 5 of the Dungeon)
 z - a ring of protection from magic (right hand)
   (You found it on level 4 of the Dungeon)
 A - an uncursed amulet of magic regeneration
   (You found it on level 9 of the Dungeon)
 C - an uncursed ring of resist corrosion
   (You found it on level 3 of the Dungeon)
 D - a ring of see invisible (left hand)
   (You found it on level 4 of the Lair of Beasts)
 E - a +2 ring of intelligence
   (You found it on level 5 of the Dungeon)
 I - an uncursed amulet of regeneration
   (You found it on level 4 of the Lair of Beasts)
 K - an amulet of faith (around neck)
   (You found it on level 6 of the Dungeon)
Wands
 f - a wand of lightning (4/15)
   (You found it on level 4 of the Dungeon)
 j - a wand of paralysis (5/24)
   (You found it on level 1 of the Lair of Beasts)
 l - a wand of confusion (26/48)
   (You found it on level 2 of the Lair of Beasts)
 q - a wand of acid (5/15)
   (You found it on level 2 of the Dungeon)
 w - a wand of lightning (0/15)
   (You found it on level 5 of the Lair of Beasts)
 P - a wand of enslavement (0/24)
   (You found it on level 7 of the Dungeon)
Scrolls
 d - 5 scrolls of remove curse
 e - 5 scrolls of teleportation
 h - 4 scrolls of magic mapping
 i - 4 scrolls of identify
 k - 9 scrolls of enchant weapon
 o - a scroll of blinking
 s - 3 scrolls of recharging
 H - 6 scrolls of immolation
 J - a scroll of amnesia
Potions
 g - 6 potions of might
 m - 2 potions of lignification
 p - 2 potions of invisibility
 u - 2 potions of berserk rage
 v - 5 potions of curing
 F - 2 potions of flight
 L - a potion of heal wounds
 N - 2 potions of haste
 O - a potion of mutation {!q}
 R - a potion of cancellation
 X - a potion of resistance
 Z - a potion of ambrosia
Books
 y - a book of Death
   (You found it on level 3 of the Lair of Beasts)

   Spells                             Type                      Level
   a - Corpse Rot                     Necromancy                   2
   b - Sublimation of Blood           Necromancy                   2
   c - Agony                          Necromancy                   5
   d - Dispel Undead                  Necromancy                   5
   e - Excruciating Wounds            Charms/Necromancy            5
   f - Bolt of Draining               Conjuration/Necromancy       5
   Elyvilon disapproves of the use of such an item.
 G - a book of Summonings
   (You found it on level 4 of the Lair of Beasts)

   Spells                             Type                      Level
   a - Recall                         Summoning/Translocation      3
   b - Aura of Abjuration             Summoning                    5
   c - Summon Demon                   Summoning                    5
   d - Summon Forest                  Summoning/Translocation      5
   e - Summon Mana Viper              Hexes/Summoning              5
   f - Shadow Creatures               Summoning                    6
Comestibles
 t - 8 meat rations
 B - 6 royal jellies
 Q - 4 chunks of flesh
 T - a bread ration
 V - a fruit


   Skills:
 * Level 10.2 Fighting
 * Level 10.5 Long Blades
 * Level 11.9 Armour
 + Level 4.9 Dodging
 - Level 2.0 Stealth
 * Level 9.6 Spellcasting
 - Level 12.0 Conjurations
 + Level 2.1 Charms
 - Level 4.0 Translocations
 - Level 12.0 Air Magic
 - Level 6.1 Invocations


You had 6 spell levels left.
You knew the following spells:

 Your Spells              Type           Power        Failure   Level  Hunger
a - Shock                 Conj/Air       ####         1%          1    None
b - Static Discharge      Conj/Air       ######..     1%          3    None
c - Lightning Bolt        Conj/Air       ######....   1%          5    #####..
d - Mephitic Cloud        Conj/Pois/Air  #####...     1%          3    None
e - Deflect Missiles      Chrm/Air       #####.....   61%         6    ######.
o - Airstrike             Air            ######....   1%          4    ###....
z - Swiftness             Chrm/Air       #####...     1%          2    None
B - Blink                 Tloc           N/A          2%          2    None


Dungeon Overview and Level Annotations

Branches:
Dungeon (14/15)            Temple (0/1) D:7            Lair (6/6) D:10
 Shoals (0/4) Lair:4       Spider (0/4) Lair:2        Slime (0/5) Lair:6
    Orc (0/2) D:10
 Vaults: D:13-14

Altars:
Cheibriados
Elyvilon
Makhleb
Ru
Sif Muna
Uskayaw

Shops:
D:4 ?   D:7 *

Annotations:
D:3 manyhoops's ghost, amateur TeGl
D:4 MTVSty1e's ghost, novice GrVM
D:5 Edmund


Innate Abilities, Weirdness & Mutations

You have a beak for a mouth.
You have claws for feet.
You can fly continuously.


Message History

The yak gores you!
* * * LOW HITPOINT WARNING * * *
The yak barely misses you. The yak misses you.
You riposte.
You hit the yak. You freeze the yak. You claw the yak, but do no damage.
The yak is severely wounded.
The yak closely misses you.
You riposte.
You hit the yak. You freeze the yak. You claw the yak, but do no damage.
You peck the yak, but do no damage.
The yak is moderately wounded.
You fly upwards.
You feel sluggish.
There is a stone staircase leading down here.
The yak gores you!
* * * LOW HITPOINT WARNING * * *
The yak gores you but does no damage. The yak gores you!
* * * LOW HITPOINT WARNING * * *
Okay, then.
Unknown command.
The yak gores you!
You die...

### #### #######
#.################..##
#.P..P#####...#.P.#.#...P.....##
.....................>.P.......#
...............................#
...............................##
..............................P.#
................Y..............P#
.........>......xY..............#
........รท.......................#
#...#....#..##.#....#..........#.
..#####.##########.##...........#
### ### ###.............
###..........# #..........##
##..........# #(..........


You could see 2 yaks.

Vanquished Creatures
  Kirke (D:13)
  An ice dragon (Lair:6)
  A catoblepas (Lair:6)
  5 hydras
  2 two-headed ogres
  3 death yaks (Lair:6)
  Urug (D:10)
  An unseen horror (D:11)
  An ugly thing (D:11)
  2 oklob plants (Lair:6)
  4 manticores
  10 elephants
  5 black mambas
  22 spiny frogs
  2 rime drakes
  7 komodo dragons
  4 jumping spiders (Lair:2)
  3 trolls
  3 polar bears
  A hornet (D:8)
  Grinder (D:4)
  38 blink frogs
  A snapping turtle (Lair:4)
  5 dream sheep (Lair:5)
  2 slime creatures
  11 hippogriffs
  4 redbacks (Lair:2)
  2 wyverns
  42 yaks
  7 basilisks
  A hungry ghost (D:11)
  2 soldier ants (D:13)
  An acid dragon (D:11)
  21 water moccasins
  17 porcupines
  2 orc warriors
  3 ice beasts
  A black bear (D:8)
  3 sky beasts (D:11)
  A necrophage (D:9)
  2 phantoms
  14 wolves
  5 centaurs
  4 ogres
  5 crocodiles
  20 bullfrogs
  2 big kobolds
  A wyvern zombie (D:8)
  3 electric eels
  4 howler monkeys
  2 crimson imps
  2 bullfrog zombies
  3 centaur zombies
  A quasit (D:7)
  2 bullfrog skeletons
  7 hounds
  2 jellies
  5 orc priests
  4 iguanas
  4 orc wizards
  11 worker ants
  11 gnolls
  A worker ant zombie (D:7)
  21 adders
  3 white imps (Lair:6)
  2 adder skeletons
  2 worms
  A dart slug (D:5)
  5 leopard geckos
  20 orcs
  5 giant cockroaches
  6 goblins
  11 hobgoblins
  13 jackals
  13 kobolds
  3 quokkas
  A ball python (D:2)
  6 bats
  4 frilled lizards
  A giant cockroach zombie (D:5)
  A jackal skeleton (D:8)
  A quokka skeleton (D:5)
  A quokka zombie (D:8)
  6 rats
  A plant (Lair:5)
486 creatures vanquished.

Vanquished Creatures (others)
  A human (D:13)
  A gnoll sergeant (D:11)
  A quokka (D:4)
  16 fungi
  15 plants
34 creatures vanquished.

Grand Total: 520 creatures vanquished

Notes
Turn   | Place    | Note
-------+----------+-------------------------------------------
     0 | D:1      | itsmu the Tengu Air Elementalist began the quest for the Orb.
     0 | D:1      | Reached XP level 1. HP: 10/10 MP: 4/4
   169 | D:1      | Reached XP level 2. HP: 13/15 MP: 3/6
   337 | D:1      | Reached skill level 5 in Air Magic
   878 | D:2      | Found a faded altar of an unknown god.
   915 | D:2      | Reached XP level 3. HP: 16/19 MP: 2/7
  1381 | D:2      | Reached XP level 4. HP: 24/24 MP: 4/8
  1838 | D:2      | Reached skill level 1 in Fighting
  1850 | D:2      | Learned a level 4 spell: Airstrike
  2151 | D:3      | Reached skill level 1 in Armour
  2238 | D:3      | Noticed manyhoops's ghost (amateur TeGl)
  2429 | D:3      | Found a burning altar of Makhleb.
  3247 | D:3      | Gained mutation: You can fly. [Tengu growth]
  3247 | D:3      | Reached XP level 5. HP: 29/29 MP: 2/9
  3434 | D:4      | Learned a level 3 spell: Static Discharge
  3643 | D:4      | Noticed MTVSty1e's ghost (novice GrVM)
  3949 | D:4      | Found Caryq's Magic Scroll Shop.
  3958 | D:4      | Bought a scroll of blinking for 75 gold pieces
  3958 | D:4      | Bought a scroll of teleportation for 30 gold pieces
  4052 | D:4      | Reached XP level 6. HP: 35/35 MP: 11/11
  4258 | D:4      | Noticed Grinder
  4263 | D:4      | Killed Grinder
  4263 | D:4      | Reached skill level 1 in Long Blades
  4263 | D:4      | Reached XP level 7. HP: 40/40 MP: 6/12
  4385 | D:4      | Found a white marble altar of Elyvilon.
  4398 | D:4      | Became a worshipper of Elyvilon the Healer
  4528 | D:4      | Found a sacrificial altar of Ru.
  4789 | D:5      | Entered Level 5 of the Dungeon
  5047 | D:5      | Found a deep blue altar of Sif Muna.
  5770 | D:6      | Noticed Edmund
  6015 | D:6      | Reached * piety under Elyvilon
  6043 | D:6      | Reached XP level 8. HP: 48/48 MP: 14/14
  6075 | D:6      | Learned a level 2 spell: Swiftness
  7681 | D:7      | Found a staircase to the Ecumenical Temple.
  7688 | D:7      | Reached ** piety under Elyvilon
  7689 | D:7      | Found a hide-covered altar of Uskayaw.
  7693 | D:7      | Reached skill level 5 in Fighting
  7738 | D:7      | Noticed a hippogriff
  7768 | D:6      | Killed a hippogriff
  7768 | D:6      | Reached XP level 9. HP: 11/54 MP: 17/17
  8115 | D:7      | Found a snail-covered altar of Cheibriados.
  8155 | D:7      | Reached skill level 5 in Spellcasting
  8256 | D:7      | Got a faintly glowing ring mail
  8464 | D:7      | Found Sych's General Store.
  8467 | D:7      | Bought a scroll of enchant weapon for 97 gold pieces
  8747 | D:8      | Reached skill level 5 in Conjurations
  9337 | D:8      | Reached *** piety under Elyvilon
  9388 | D:8      | Reached skill level 5 in Long Blades
  9715 | D:8      | haha.
  9847 | D:8      | Noticed a hornet
  9849 | D:8      | Killed a hornet
  9996 | D:9      | Reached XP level 10. HP: 61/61 MP: 14/20
 10723 | D:9      | Reached skill level 5 in Armour
 10738 | D:9      | Noticed a two-headed ogre
 10885 | D:9      | Reached **** piety under Elyvilon
 11284 | D:9      | Killed a two-headed ogre
 11504 | D:9      | Learned a level 5 spell: Lightning Bolt
 11546 | D:10     | Entered Level 10 of the Dungeon
 11595 | D:9      | Identified the +1 ring mail of the Game of Kings {+Fly Str+3 Int-5} (You found it on level 7 of the Dungeon)
 11829 | D:10     | Found a staircase to the Orcish Mines.
 11912 | D:10     | Found a staircase to the Lair.
 12072 | D:10     | Noticed Urug
 12143 | D:10     | Killed Urug
 13050 | D:11     | Reached ***** piety under Elyvilon
 13369 | D:11     | Noticed a two-headed ogre
 13392 | D:11     | Killed a two-headed ogre
 13392 | D:11     | Reached skill level 10 in Air Magic
 13392 | D:11     | Reached XP level 11. HP: 68/68 MP: 13/23
 13575 | D:11     | You fall through a shaft for 2 floors!
 13580 | D:13     | Learned a level 3 spell: Mephitic Cloud
 13583 | D:13     | Learned a level 2 spell: Blink
 13604 | D:13     | Noticed a manticore
 13615 | D:13     | Killed a manticore
 13755 | D:14     | Noticed a cyclops
 13975 | D:13     | Noticed Kirke
 13986 | D:13     | Killed Kirke
 14402 | D:12     | Noticed a white ugly thing
 14520 | D:11     | Noticed a manticore
 14525 | D:11     | HP: 4/103 [manticore/volley of spikes (20)]
 14558 | D:11     | Killed a manticore
 14753 | D:11     | Killed an unseen horror
 14753 | D:11     | HP: 3/69 [cloud of flame (11)]
 15034 | D:11     | Noticed a cyan ugly thing
 15079 | D:11     | Killed a cyan ugly thing
 15217 | D:11     | Noticed a manticore
 15222 | D:11     | Killed a manticore
 15870 | D:7      | Identified a scroll of acquirement
 15962 | Lair:1   | Entered Level 1 of the Lair of Beasts
 15982 | Lair:1   | Learned a level 6 spell: Deflect Missiles
 16070 | Lair:1   | Reached XP level 12. HP: 76/76 MP: 25/25
 17930 | Lair:1   | Reached skill level 1 in Invocations
 19007 | Lair:2   | erm
 19243 | Lair:2   | Reached skill level 5 in Invocations
 19486 | Lair:2   | Found a hole to the Spider Nest.
 19932 | Lair:2   | please oh please be good.
 19939 | Lair:2   | Got heavily runed fire dragon scales
 19986 | Lair:1   | Identified the +1 fire dragon scales "Tounis" {rF++ rC- rN+ rCorr} (You found it on level 2 of the Lair of Beasts)
 20876 | Lair:2   | Reached XP level 13. HP: 80/80 MP: 17/26
 22637 | Lair:3   | Reached skill level 10 in Conjurations
 24464 | Lair:4   | Reached ****** piety under Elyvilon
 25092 | Lair:4   | Found a staircase to the Shoals.
 25115 | Lair:4   | Reached skill level 1 in Translocations
 26210 | Lair:5   | Reached skill level 10 in Armour
 27162 | Lair:5   | Gained mutation: You can fly continuously. [Tengu growth]
 27162 | Lair:5   | Reached XP level 14. HP: 86/86 MP: 14/27
 28337 | Lair:6   | Entered Level 6 of the Lair of Beasts
 29540 | Lair:5   | Reached skill level 10 in Long Blades
 29844 | Lair:6   | Found a snail-covered altar of Cheibriados.
 29849 | Lair:6   | Got a pair of distressingly furry gloves
 29867 | Lair:6   | Identified the +1 pair of gloves "Okuo" {+Fly rF+ MR+ Int-4} (You acquired it on level 6 of the Lair of Beasts)
 30130 | Lair:5   | Reached skill level 1 in Charms
 30591 | Lair:6   | Found a staircase to the Slime Pits.
 31431 | Lair:5   | Reached skill level 10 in Fighting
 33049 | Lair:5   | Slain by a yak

Skill      XL: |  1  2  3  4  5  6  7  8  9 10 11 12 13 14 |
---------------+-------------------------------------------+-----
Air Magic      | 5 6 7 8 9 10 11 12 | 12.0
Fighting       | 1 2 3 5 6 7 9 10 | 10.2
Armour         | 1 2 3 4 5 6 7 10 11 | 11.9
Conjurations   | 2 3 4 5 6 8 11 12 | 12.0
Long Blades    | 1 2 4 5 7 9 10 | 10.5
Spellcasting   | 3 4 6 7 8 9 |  9.6
Invocations    | 6 |  6.1
Translocations | 3 4 |  4.0
Dodging        | 4 |  4.9
Charms         | 2 |  2.1
Stealth        | |  2.0

Action                   |  1- 3 |  4- 6 |  7- 9 | 10-12 | 13-15 || total
-------------------------+-------+-------+-------+-------+-------++-------
Melee: Dagger            |     1 |       |       |       |       ||     1
       Flail             |     1 |     3 |       |       |       ||     4
       Staff             |       |       |     7 |    15 |     3 ||    25
       Kick              |       |       |     1 |     9 |    24 ||    34
       Peck              |       |       |     1 |     4 |    15 ||    20
       Falchion          |       |       |       |     4 |       ||     4
       Scimitar          |       |       |       |    15 |    43 ||    58
 Cast: Shock             |    60 |   103 |   180 |   172 |   253 ||   768
       Airstrike         |       |     9 |    84 |   298 |   416 ||   807
       Lightning Bolt    |       |       |       |    23 |    35 ||    58
       Static Discharge  |       |       |       |    16 |    42 ||    58
       Mephitic Cloud    |       |       |       |     2 |     2 ||     4
       Blink             |       |       |       |     1 |     4 ||     5
       Swiftness         |       |       |       |       |     2 ||     2
Invok: Lesser Healing    |       |       |     3 |     4 |       ||     7
       Greater Healing   |       |       |       |     7 |     2 ||     9
       Purification      |       |       |       |     1 |     1 ||     2
 Abil: Fly               |       |     1 |     3 |    12 |     5 ||    21
Evoke: Wand              |       |       |       |     9 |     6 ||    15
  Use: Scroll            |       |     3 |     3 |    26 |     9 ||    41
       Potion            |       |       |       |     9 |     2 ||    11
 Stab: Paralysed         |       |       |       |       |     1 ||     1
  Eat: Chunk             |     2 |    11 |    24 |    44 |    61 ||   142
       Bread ration      |       |       |     2 |     3 |     2 ||     7
       Fruit             |       |       |       |     5 |     4 ||     9
       Royal jelly       |       |       |       |     3 |     2 ||     5
Armor: Robe              |     9 |     1 |     2 |       |       ||    12
       Leather armour    |       |       |    12 |    52 |    82 ||   146
       Skin              |       |       |       |    89 |       ||    89
Dodge: Dodged            |    10 |    17 |    46 |   142 |   240 ||   455
       Rpst.: Falchion   |       |       |       |     1 |       ||     1
       Scimitar          |       |       |       |     4 |    17 ||    21
